 Dungeon Crawl Stone Soup version 0.31-a0-263-ge8cad7f256 (webtiles) character file.

Game seed: 4068152002645237257

58 qw the Shooter (level 4, 0/26 HPs)
             Began as a Gargoyle Hexslinger on July 13, 2023.
             Slain by a black bear (1 damage)
             ... on level 3 of the Dungeon.
             The game lasted 00:00:39 (1834 turns).

qw the Shooter (Gargoyle Hexslinger)                Turns: 1834, Time: 00:00:39

Health: 0/26       AC:  8    Str: 12    XL:     4   Next: 2%
Magic:  14/14      EV: 10    Int: 13    God:
Gold:   100        SH:  0    Dex: 14    Spells: 4/5 levels left

rFire   . . .        Y - +1 sling
rCold   . . .        (no shield)
rNeg    + . .        f - +0 ring mail
rPois   inf          (no helmet)
rElec   +            (no cloak)
rCorr   .            (no gloves)
SInv    .            (no boots)
Will    ++...        (no amulet)
Stlth   +            a - ring "Hocsaem" {Fly Will++ MP+9}
HPRegen 0.24/turn    (no ring)
MPRegen 0.14/turn

%: no passive effects
@: flying
A: sickness immunity, AC +3, negative energy resistance 1, electricity
resistance, torment resistance 1, petrification resistance
a: no special abilities


You were on level 3 of the Dungeon.
You visited 1 branch of the dungeon, and saw 3 of its levels.

You collected 100 gold pieces.


Innate Abilities, Weirdness & Mutations

You are immune to sickness and miasma.
Your stone body is resilient. (AC +3)
You are immune to poison.
You resist negative energy. (rN+)
You are resistant to electric shocks. (rElec)
You are resistant to unholy torment.
You are immune to petrification.


   Skills:
 - Level 2.0 Fighting
 + Level 3.8 Ranged Weapons
 - Level 1.5 Dodging
 - Level 1.0 Spellcasting
 - Level 2.6 Hexes


You had 4 spell levels left.
You knew the following spells:

 Your Spells              Type           Power      Damage    Failure   Level
a - Slow                  Hex            28%        N/A       22%         1

Your spell library contained the following spells:

 Spells                   Type           Power      Damage    Failure   Level
 Inner Flame              Hex/Fire       4%         N/A       73%         3
 Portal Projectile        Hex/Tloc       8%         N/A       73%         3
 Cause Fear               Hex            3%         N/A       91%         4

Inventory:

Hand Weapons
 Y - a +1 sling (weapon)
Armour
 f - a +0 ring mail (worn)
Jewellery
 a - the ring "Hocsaem" (left hand) {Fly Will++ MP+9}
   (You acquired it on level 1 of the Dungeon)

   [ring of flight]

   MP:        It affects your magic capacity (+9).
   Fly:       It grants you flight.
   Will:      It greatly increases your willpower.
Potions
 d - a potion of ambrosia {unknown}
 e - a potion of mutation {unknown}
 g - a potion of curing
 i - a potion of invisibility {unknown}

Dungeon Overview and Level Annotations

Branches:
Dungeon (3/15)

Altars:


Message History

The black bear is moderately wounded.
The black bear closely misses you.
The black bear claws you but does no damage. x2
You shoot a sling bullet.
The sling bullet hits the black bear but does no damage.
The black bear is moderately wounded.
The black bear bites you. The black bear barely misses you.
The black bear misses you. The black bear closely misses you. x2
The black bear claws you but does no damage.
You shoot a sling bullet. The sling bullet hits the black bear.
The black bear is heavily wounded.
The black bear barely misses you. The black bear claws you.
The black bear claws you but does no damage.
You shoot a sling bullet. The sling bullet hits the black bear.
The black bear is severely wounded.
The black bear bites you. The black bear claws you.
The black bear claws you but does no damage.
You shoot a sling bullet.
The sling bullet hits the black bear but does no damage.
The black bear is severely wounded.
The black bear bites you but does no damage.
The black bear misses you.
The black bear claws you but does no damage.
The black bear bites you. The black bear closely misses you.
The black bear barely misses you.
You shoot a sling bullet.
The sling bullet barely misses the black bear.
The black bear bites you but does no damage.
The black bear claws you but does no damage.
The black bear claws you.
You shoot a sling bullet. The sling bullet hits the black bear.
The black bear is severely wounded.
The black bear goes berserk!
You shoot a sling bullet. The sling bullet hits the black bear.
The black bear is severely wounded.
The black bear barely misses you.
The black bear claws you but does no damage.
The black bear claws you. The black bear closely misses you.
The black bear claws you.
You die...

#############
####...........#
#......#######.#
###.##.#.#
####.####
#......#.#
#.@.....#
#.#.####.#
#h##.##.#
#.#.####.## #.
#.##.#
##.#........ ..
######
##...####.......
#...).# ......
#.....# .....
#.....# .....#
##...##


You could see a black bear (berserk).

Vanquished Creatures
  2 worms
  2 dart slugs
  An orc (D:2)
  2 ball pythons
  6 endoplasms
  2 giant cockroaches
  3 hobgoblins (D:2)
  2 quokkas
  2 bats
  A frilled lizard (D:1)
  7 goblins
  8 kobolds
  4 rats
42 creatures vanquished.

Notes
Turn   | Place    | Note
-------+----------+-------------------------------------------
     0 | D:1      | qw the Gargoyle Hexslinger began the quest for the Orb.
     0 | D:1      | Reached XP level 1. HP: 12/12 MP: 2/2
     0 | D:1      | 0 ||| qw: Version: 0.3-a-52-g30416fa
     0 | D:1      | 0 ||| qw: Game counter: 7054
     0 | D:1      | 0 ||| qw: Melee chars always use a shield: true
     0 | D:1      | 0 ||| qw: God list: Okawaru
     0 | D:1      | 0 ||| qw: Allow faded altars: false
     0 | D:1      | 0 ||| qw: Do Orc after clearing Dungeon:15 true
     0 | D:1      | 0 ||| qw: Do second Lair branch before Depths: true
     0 | D:1      | 0 ||| qw: Lair rune preference: random
     0 | D:1      | 0 ||| qw: Goals: Normal
     0 | D:1      | 0 ||| PLANNING D:1-11
   217 | D:1      | Reached XP level 2. HP: 16/16 MP: 3/3
   371 | D:1      | Reached skill level 3 in Ranged Weapons
   654 | D:1      | Reached XP level 3. HP: 21/21 MP: 4/4
   798 | D:1      | Found a faded altar of an unknown god.
   927 | D:1      | 927 ||| UPGRADING to +0 ring mail.
   937 | D:1      | 937 ||| DROPPING +0 robe.
   938 | D:1      | 938 ||| READING scroll labelled GECWO KESADD.
   938 | D:1      | Identified a scroll of acquirement
   938 | D:1      | 938 ||| ACQUIRING ring "Hocsaem" {Fly Will++ MP+9}
   938 | D:1      | Acquired the ring "Hocsaem" {Fly Will++ MP+9}
   940 | D:1      | 940 ||| UPGRADING to ring "Hocsaem" {Fly Will++ MP+9}.
  1010 | D:1      | 1010 ||| READING scroll labelled MUAPLUKLIS.
  1014 | D:1      | 1014 ||| READING scroll labelled YLIL ODYALAVY.
  1015 | D:1      | 1015 ||| READING scroll labelled KAIWNA PIFO.
  1016 | D:1      | 1016 ||| DRINKING 2 lumpy cyan potions.
  1017 | D:1      | 1017 ||| DROPPING scroll of poison.
  1635 | D:2      | 1635 ||| READING scroll labelled KALLUV MEIMUTZ.
  1636 | D:2      | 1636 ||| READING scroll labelled LISASCHUTAMO.
  1637 | D:2      | 1637 ||| READING scroll labelled ARUSSOOGOTT.
  1657 | D:3      | 1657 ||| PLANNING SEWER
  1698 | D:3      | HP: 5/21 [worm (3)]
  1702 | D:3      | Reached XP level 4. HP: 5/26 MP: 5/5
  1819 | D:3      | Noticed a black bear
  1830 | D:3      | HP: 5/26 [black bear (2)]
  1832 | D:3      | HP: 1/26 [black bear (3)]
  1834 | D:3      | Slain by a black bear

Levels and vault maps discovered:
D:1:      elethiomel_arrival_fortress_basement, layout_loops_ring,
          dilly_ecumenical_altar_fadedgnrine, serial_forest,
          infiniplex_forest_straight_1, infiniplex_forest_clump_small,
          infiniplex_forest_end_1, infiniplex_forest_end_2,
          infiniplex_forest_end_2, infiniplex_forest_lined_ring,
          infiniplex_forest_clump_C
D:2:      layout_basic
D:3:      layout_loops_cross, lemuel_tele_altar, nicolae_tso_carved_into_rock,
          hangedman_ru_absence, portal_sewer_entry_a, due_unseen_surprise

Skill      XL: |  1  2 |
---------------+-------+-----
Ranged Weapons | 3 |  3.8
Fighting       | 2 |  2.0
Dodging        | |  1.5
Spellcasting   | |  1.0
Hexes          | |  2.6

Action                     |  1- 3 |  4- 6 || total
---------------------------+-------+-------++-------
   Fire: Sling             |   131 |    15 ||   146
    Use: Scroll            |     7 |       ||     7
         Potion            |     1 |       ||     1
 Armour: Robe              |     6 |       ||     6
         Ring mail         |    13 |    17 ||    30
  Dodge: Dodged            |    30 |    20 ||    50

Table legend:
 A = Non-vault XP
 B = Vault XP
 C = Vault XP percentage of total XP
 D = Non-vault monster count
 E = Vault monster count
 F = Vault count percentage of total count
                 A         B        C        D         E       F
            +---------+---------+-------+---------+---------+-------
      Total |      82 |       2 |   2.4 |      41 |       1 |   2.4
            +---------+---------+-------+---------+---------+-------
        D:1 |      35 |       2 |   5.4 |      20 |       1 |   4.8
        D:2 |      37 |       0 |   0.0 |      17 |       0 |   0.0
        D:3 |      10 |       0 |   0.0 |       4 |       0 |   0.0
            +---------+---------+-------+---------+---------+-------
